 Dungeon Crawl Stone Soup version 0.30.1-9-gdf580d7c3d (webtiles) character file.

Game seed: 9663178927405942772

1 boopmooplesden the Chiller (level 1, 14/14 HPs)
             Began as a Minotaur Ice Elementalist on Oct 16, 2023.
             Got out of the dungeon alive.
             The game lasted 00:00:19 (26 turns).

boopmooplesden the Chiller (MiIE)                     Turns: 26, Time: 00:00:20

Health: 14/14      AC:  2    Str: 12    XL:     1   Next: 16%
Magic:  1/1        EV: 12    Int: 12    God:
Gold:   0          SH:  0    Dex: 10    Spells: 1/2 levels left

rFire   . . .        (no weapon)
rCold   . . .        (no shield)
rNeg    . . .        a - +0 robe
rPois   .            (helmet restricted)
rElec   .            (no cloak)
rCorr   .            (no gloves)
SInv    .            (no boots)
Will    .....        (no amulet)
Stlth   ++           (no ring)
HPRegen 0.22/turn    (no ring)
MPRegen 0.07/turn

%: no passive effects
@: no status effects
A: horns 2, retaliatory headbutt
a: no special abilities


You escaped.
You visited 1 branch of the dungeon, and saw 1 of its levels.

Inventory:

Armour
 a - a +0 robe (worn)
Potions
 b - a potion of magic


   Skills:
 + Level 2.2 Dodging
 + Level 1.5 Stealth
 + Level 1.4 Spellcasting
 + Level 3.0 Ice Magic


You had one spell level left.
You knew the following spells:

 Your Spells              Type           Power      Damage    Failure   Level
a - Freeze                Ice            32%        1d5       9%          1

Your spell library contained the following spells:

 Spells                   Type           Power      Damage    Failure   Level
 Frozen Ramparts          Ice            16%        1d3       26%         3
 Ozocubu's Armour         Ice            8%         N/A       26%         3
 Summon Ice Beast         Ice/Summ       4%         N/A       83%         4


Dungeon Overview and Level Annotations

Branches:
Dungeon (1/15)

Altars:


Innate Abilities, Weirdness & Mutations

You have a pair of horns on your head.
You reflexively headbutt those who attack you in melee.


Message History

Press ? for a list of commands and other information.
You open the large door.
Found a stone staircase leading down.
There is a large open door here.
There is a large open door here.
There is a stone staircase leading down here.
You open the door.
A giant cockroach comes into view.
There is an open door here.
The giant cockroach bites you.
You hit the giant cockroach but do no damage.
Your headbutt misses the giant cockroach.
The giant cockroach closely misses you. You furiously retaliate!
You headbutt the giant cockroach, but do no damage.
You hit the giant cockroach but do no damage.
You headbutt the giant cockroach, but do no damage.
The giant cockroach closely misses you.
You hit the giant cockroach but do no damage.
The giant cockroach bites you but does no damage.
The giant cockroach barely misses you. You furiously retaliate!
You headbutt the giant cockroach. You closely miss the giant cockroach.
Your headbutt misses the giant cockroach.
The giant cockroach is moderately wounded.
The giant cockroach misses you. You furiously retaliate!
You headbutt the giant cockroach!
You kill the giant cockroach!
Your Ice Magic skill increases to level 3!
Unknown command.
There is an open door here.
There is a large open door here.
There is a large open door here.
There is a staircase leading out of the dungeon here.
Are you sure you want to leave the Dungeon?
This will make you lose the game!
Alright, then stay!
Unknown command.
Are you sure you want to leave the Dungeon?
This will make you lose the game! [Y]es or [N]o only, please.
Are you sure you want to leave the Dungeon?
This will make you lose the game!
You have escaped!

##### #...+ #.@.#
#...########## #
##'###.......#
#.###'###.......#
#.......#.†.⌠.⌠.#
#....>..'.......#
#.......#.......#
#.########+###+##
#.


There were no monsters in sight!

Vanquished Creatures
  A giant cockroach (D:1)
1 creature vanquished.

Notes
Turn   | Place    | Note
-------+----------+-------------------------------------------
     0 | D:1      | boopmooplesden the Minotaur Ice Elementalist began the
                  | quest for the Orb.
     0 | D:1      | Reached XP level 1. HP: 14/14 MP: 1/1
    17 | D:1      | Reached skill level 3 in Ice Magic
    26 | D:$      | Got out of the dungeon alive.

Illustrated notes

Levels and vault maps discovered:
D:1:      dpeg_arrival_simpleton_b, layout_basic,
          shapermc_ecumenical_altar_mp_ritualfount, serial_shops,
          nicolae_shop_peninsula

Skill      XL: |  1 |
---------------+----+-----
Ice Magic      | 3 |  3.0
Dodging        | |  2.2
Stealth        | |  1.5
Spellcasting   | |  1.4

Action                     || total
---------------------------++-------
  Melee: Unarmed           ||     4
         Headbutt          ||     1
 Armour: Robe              ||     1
  Dodge: Dodged            ||     4
